Map: Tours du crépuscule

Players

MeisterEder

  • Race: Terran Terran
  • League: Silver

pupu - Winner!

  • Race: Protoss Protoss
  • League: Silver

VOD

Have the link to the VOD?

Description

Time

  • Played on: April 6, 2016, 11:24 a.m.
  • Length: 11:51
Show
View Real Time Build Order
Export as new Build Order

MeisterEder Terran 

Build Orders: Reaper Expand 

Get SALT Encoding   

  12  0:01  SCV  
  13  0:13  SCV  
  14  0:17  Supply Depot  
  14  0:25  SCV  
  15  0:39  SCV  
  15  0:40  Barracks  
  16  0:46  Refinery  
  16  0:51  SCV  
  17  1:03  SCV  
  18  1:15  SCV  
  19  1:28  Supply Depot, Orbital Command  
  19  1:30  Reaper  
  20  1:49  Command Center  
  20  1:54  SCV  
  21  2:04  Barracks  
  21  2:05  Marine  
  22  2:11  SCV  
  23  2:21  Barracks  
  23  2:26  Factory  
  23  2:29  Marine  
  24  2:38  SCV  
  25  2:47  Marine  
  25  2:50  SCV  
  27  2:52  Marine  
  28  3:03  SCV  
  28  3:05  Marine  
  30  3:09  Marine  
  30  3:11  Orbital Command  
  31  3:15  SCV  
  31  3:18  Refinery, Barracks Reactor  
  32  3:20  Factory Tech Lab  
  32  3:22  Marine  
  32  3:25  Supply Depot  
  34  3:27  SCV  
  34  3:28  Barracks Reactor  
  34  3:32  Supply Depot  
  34  3:38  Engineering Bay  
  34  3:41  SCV  
  34  3:44  SCV  
  36  3:51  Widow Mine  
  36  3:53  Marine  
  39  3:58  Barracks  
  39  4:00  Supply Depot  
  39  4:03  Marine x2  
  39  4:06  Marine  
  39  4:09  Marine  
  43  4:11  SCV  
  43  4:13  SCV  
  43  4:16  Marine  
  46  4:21  Marine  
  46  4:23  SCV  
  48  4:25  Supply Depot, SCV  
  49  4:35  SCV  
  49  4:49  Barracks Tech Lab  
  49  4:52  Supply Depot  
  49  4:56  Starport  
  49  4:58  Terran Infantry Weapons Level 1, Missile Turret  
  49  5:00  SCV x2  
  49  5:06  Missile Turret  
  51  5:08  Refinery, Marauder  
  51  5:09  Refinery  
  51  5:12  SCV  
  54  5:17  Marine x2  
  54  5:18  Stimpack  
  54  5:20  Missile Turret  
  54  5:21  Supply Depot  
  56  5:22  SCV  
  56  5:27  SCV  
  58  5:30  Marauder  
  58  5:34  SCV  
  61  5:37  Marine  
  61  5:38  Starport Reactor  
  61  5:40  Barracks  
  62  5:51  Marauder  
  54  6:22  Marauder, Marine x5  
  43  6:39  Marine  
  39  6:40  Marine x3  
  39  6:43  Marauder  
  43  6:55  SCV x2  
  45  7:04  Marine x2  
  45  7:07  SCV x2  
  49  7:19  SCV x2  
  51  7:23  Barracks Reactor  
  51  7:33  Missile Turret, SCV x2  
  51  7:35  Missile Turret  
  53  7:45  SCV x2  
  53  7:49  Missile Turret  
  53  7:50  Terran Infantry Armor Level 1  
  55  7:52  Marine x2  
  55  7:53  Marine  
  55  7:57  SCV x2  
  60  8:06  Marine  
  60  8:07  Marauder, Marine  
  60  8:09  SCV  
  65  8:17  Medivac  
  67  8:20  Marine  
  67  8:21  SCV  
  66  8:28  Marauder, Marine x3  
  61  8:49  Marauder  
  56  9:11  Marauder  
  58  9:32  Marauder  
  30  10:03  Marauder, Marine x3  
  30  10:04  Marine x2  
  37  10:25  Marauder  
  39  10:33  Command Center  
  28  10:46  Marauder  
  26  10:53  Marine x4  
  26  10:54  Marine x2  
  21  11:07  Marauder  
  21  11:10  Marine  
  21  11:11  Marine  
  24  11:25  Marine x4  
  26  11:28  Marine  
  26  11:29  Marauder  
Show
View Real Time Build Order
Export as new Build Order

pupu Protoss - Winner!

Build Orders: 1 Gate Expand 

Get SALT Encoding   

  12  0:01  Probe (Chrono Boost)  
  13  0:11  Probe (Chrono Boost)  
  14  0:19  Pylon  
  14  0:22  Probe (Chrono Boost)  
  15  0:37  Probe (Chrono Boost), Gateway  
  16  0:46  Assimilator  
  16  0:47  Probe (Chrono Boost)  
  17  0:58  Probe (Chrono Boost)  
  18  1:09  Probe (Chrono Boost)  
  19  1:20  Nexus  
  19  1:30  Cybernetics Core  
  19  1:33  Probe (Chrono Boost)  
  20  1:41  Assimilator  
  20  1:45  Pylon  
  20  1:49  Probe (Chrono Boost)  
  21  1:59  Probe (Chrono Boost)  
  22  2:09  Robotics Facility  
  22  2:15  Warp Gate (Chrono Boost)  
  22  2:19  Probe  
  23  2:34  Mothership Core  
  25  2:40  Gateway  
  25  2:41  Gateway  
  25  2:50  Probe  
  25  2:59  Probe  
  26  3:12  Probe  
  26  3:13  Probe, Pylon  
  28  3:21  Pylon  
  28  3:22  Probe  
  28  3:25  Probe  
  30  3:29  Observer  
  30  3:33  Probe  
  31  3:37  Probe, Pylon  
  35  3:43  Probe  
  40  3:49  Probe  
  35  3:58  Probe  
  35  4:01  Probe  
  35  4:02  Gateway  
  37  4:03  Warp Prism  
  37  4:04  Gateway  
  39  4:12  Stalker  
  39  4:14  Stalker  
  39  4:16  Sentry  
  45  4:41  Probe  
  45  4:42  Probe  
  45  4:45  Immortal (Chrono Boost)  
  51  4:55  Probe  
  51  4:59  Pylon  
  52  5:00  Probe  
  52  5:03  Pylon  
  54  5:07  Probe  
  54  5:08  Pylon  
  54  5:10  Twilight Council, Assimilator  
  54  5:13  Pylon  
  54  5:16  Adept x2  
  54  5:17  Adept x2  
  62  5:57  Zealot  
  62  5:58  Zealot x4  
  70  6:20  Zealot x3  
  70  6:21  Zealot x2  
  54  6:55  Charge (Chrono Boost)  
  54  7:20  Zealot x2  
  54  7:21  Zealot x3  
  64  7:28  Immortal  
  68  7:39  Probe  
  68  7:41  Probe  
  70  7:53  Zealot x3  
  70  7:54  Zealot  
  78  8:26  Zealot x2  
  78  8:27  Zealot x3  
  88  8:37  Immortal (Chrono Boost)  
  78  9:04  Zealot x4  
  78  9:05  Zealot  
  82  9:13  Immortal (Chrono Boost)  
  71  9:49  Zealot x5  
  71  10:07  Probe  
  71  10:09  Probe  
  71  10:13  Immortal (Chrono Boost)  
  78  10:21  Probe  
  60  11:11  Zealot x3  
  60  11:12  Zealot x2  
  70  11:26  Pylon  
Tags
 
Add a new tag
Caveats
  • Supply blocks, unpowered buildings, or Contaminate may cause inaccurate times.
  • Supply counts are checked every 10 seconds.